[Event "GambitGuide"]
[Site "Internet Chess Club"]
[Date "2014.10.31"]
[Round "1"]
[White "JSBach"]
[Black "louis-juan"]
[Result "1-0"]
[ICCResult "Black resigns"]
[WhiteElo "1659"]
[BlackElo "2082"]
[Opening "Vienna: `Frankenstein-Dracula' variation"]
[ECO "C27"]
[NIC "VG.02"]
[Time "10:50:32"]
[TimeControl "120+12"]

1. e4 e5 2. Nc3 Nf6 3. Bc4 Nxe4 4. Qh5 Nd6 5. Bb3 Nc6 6. Nb5 g6 7. Qf3 f5 8.
Qd5 Qe7 9. Nxc7+ Kd8 10. Nxa8 b6 11. d3 Bb7 12. Nxb6 axb6 13. Qf3 Bg7 14.
Be3 Kc7 15. Bd5 Nb4 16. Bxb6+ Kxb6 17. Qe3+ Kc7 18. Qc5+ Nc6 19. Nf3 Nc8 20.
Qxe7 N8xe7 21. Bxc6 Bxc6 22. c3 d5 23. a4 Rb8 24. b4 e4 25. Nd4 Bxd4 26.
cxd4 Ra8 27. dxe4 dxe4 28. a5 Nd5 29. Rb1 Rb8 30. Kd2 Rxb4 31. Rxb4 Nxb4 32.
Rb1 Nd5 33. a6 Nb6 34. a7 Ba8 35. Ke1 Kb7 36. Rc1 Nd5 37. Ra1 Kb6 38. h3 f4
39. Ke2 g5 40. Kd2 h5 41. Ke2 g4 42. hxg4 hxg4 43. Ra3 Kb5 44. Kd2 Kc4 45.
Ra4+ Kb5 46. Ra1 Kc4 47. Ra4+ Kb5 48. Ra1 Nb4 49. Rb1 Kc4 50. Rb2 Nc6 51.
Rb8 Nxa7 52. Rxa8 Nc6 53. Ra4+ Kd5 54. Kc3 e3 55. fxe3 fxe3 56. Kd3 e2 57.
Kxe2 Nxd4+ 58. Kd3 Nf5 59. Rxg4 {Black resigns} 1-0

[Event "GambitGuide"]
[Site "Internet Chess Club"]
[Date "2014.10.31"]
[Round "1"]
[White "JSBach"]
[Black "ChuahHM"]
[Result "1-0"]
[ICCResult "Black resigns"]
[WhiteElo "1659"]
[BlackElo "1607"]
[Opening "Vienna: `Frankenstein-Dracula' variation"]
[ECO "C27"]
[NIC "VG.02"]
[Time "10:52:51"]
[TimeControl "120+12"]

1. e4 e5 2. Nc3 Nf6 3. Bc4 Nxe4 4. Qh5 Nd6 5. Bb3 Nc6 6. Nb5 g6 7. Qf3 f5 8.
Qd5 Qe7 9. Nxc7+ Kd8 10. Nxa8 b6 11. d3 Bb7 12. Nxb6 axb6 13. Qf3 Nd4 14.
Qg3 f4 15. Qg4 h5 16. Qxg6 Rh6 17. Qg8 Qf6 18. Ne2 Rg6 19. Qh7 Rh6 20. Qg8
N6f5 21. Nxd4 {Black resigns} 1-0

[Event "GambitGuide"]
[Site "Internet Chess Club"]
[Date "2014.10.31"]
[Round "1"]
[White "JSBach"]
[Black "FatMaHa"]
[Result "1-0"]
[ICCResult "Black checkmated"]
[WhiteElo "1659"]
[BlackElo "1833"]
[Opening "Vienna: `Frankenstein-Dracula' variation"]
[ECO "C27"]
[NIC "VG.02"]
[Time "10:52:42"]
[TimeControl "120+12"]

1. e4 e5 2. Nc3 Nf6 3. Bc4 Nxe4 4. Qh5 Nd6 5. Bb3 Nc6 6. Nb5 g6 7. Qf3 f5 8.
Qd5 Qe7 9. Nxc7+ Kd8 10. Nxa8 b6 11. d3 Bg7 12. Ba4 Bb7 13. Nxb6 axb6 14.
Qb3 b5 15. Nf3 bxa4 16. Qxa4 e4 17. Bg5 Bf6 18. Bxf6 Qxf6 19. Nd2 exd3 20.
O-O-O dxc2 21. Rde1 Kc7 22. Qxc2 Ra8 23. Qb3 Qd4 24. Re3 Qc5+ 25. Rc3 Qxf2
26. Qd5 Qa7 27. Rd3 Ne4 28. Qxd7+ Kb6 29. Rb3+ Ka6 30. Qd3+ Ka5 31. Qb5#
{Black checkmated}
1-0

[Event "GambitGuide"]
[Site "Internet Chess Club"]
[Date "2014.10.31"]
[Round "1"]
[White "JSBach"]
[Black "ericsfriend"]
[Result "1-0"]
[ICCResult "Black resigns"]
[WhiteElo "1659"]
[BlackElo "1153"]
[Opening "Vienna: `Frankenstein-Dracula' variation"]
[ECO "C27"]
[NIC "VG.02"]
[Time "10:50:26"]
[TimeControl "120+12"]

1. e4 e5 2. Nc3 Nf6 3. Bc4 Nxe4 4. Qh5 Nd6 5. Bb3 Nc6 6. Nb5 g6 7. Qf3 f5 8.
Qd5 Qe7 9. Nxc7+ Kd8 10. Nxa8 b6 11. d3 Bb7 12. Nxb6 axb6 13. Qf3 e4 14. Qe3
h5 15. Qxb6+ Ke8 16. Be3 exd3 17. cxd3 Qe5 18. Rc1 Qa5+ 19. Rc3 Qxb6 20.
Bxb6 Nd4 21. Bxd4 Rg8 22. Bxg8 Nb5 23. Rc4 Nxd4 24. Rxd4 Bc5 25. Bf7+ Kxf7
26. Rxd7+ Ke6 27. Rxb7 Kd5 28. a4 Kd4 29. b4 Be7 30. Rxe7 Kxd3 31. b5
{Black resigns}
1-0

[Event "GambitGuide"]
[Site "Internet Chess Club"]
[Date "2014.10.31"]
[Round "1"]
[White "JSBach"]
[Black "badri"]
[Result "1-0"]
[ICCResult "Black checkmated"]
[WhiteElo "1659"]
[BlackElo "1512"]
[Opening "Vienna: `Frankenstein-Dracula' variation"]
[ECO "C27"]
[NIC "VG.02"]
[Time "10:52:15"]
[TimeControl "120+12"]

1. e4 e5 2. Nc3 Nf6 3. Bc4 Nxe4 4. Qh5 Nd6 5. Bb3 Nc6 6. Nb5 g6 7. Qf3 f5 8.
Qd5 Qe7 9. Nxc7+ Kd8 10. Nxa8 b6 11. d3 Bb7 12. Nxb6 axb6 13. Qf3 Kc7 14. c3
Bg7 15. Bd5 Nf7 16. Qe3 f4 17. Qe4 Nd6 18. Qa4 Nd8 19. Qb3 Bxd5 20. Qxd5 Qe6
21. Qa8 N8f7 22. Qa7+ Kc6 23. Nf3 Rc8 24. O-O Rc7 25. Qa8+ Rb7 26. Qg8 Bh6
27. Re1 Ng5 28. Nd4+ exd4 29. Rxe6 Nxe6 30. Qxh7 Bf8 31. Qxg6 f3 32. gxf3
Nf5 33. Qxf5 Bd6 34. Qe4+ Kc7 35. cxd4 Rb8 36. a4 Rh8 37. h4 Be7 38. Qe5+
Kd8 39. Qb8# {Black checkmated} 1-0

[Event "GambitGuide"]
[Site "Internet Chess Club"]
[Date "2014.10.31"]
[Round "1"]
[White "JSBach"]
[Black "leader1774"]
[Result "1-0"]
[ICCResult "Black resigns"]
[WhiteElo "1659"]
[BlackElo "1569"]
[Opening "Vienna: `Frankenstein-Dracula' variation"]
[ECO "C27"]
[NIC "VG.02"]
[Time "10:53:44"]
[TimeControl "120+12"]

1. e4 e5 2. Nc3 Nf6 3. Bc4 Nxe4 4. Qh5 Nd6 5. Bb3 Nc6 6. Nb5 g6 7. Qf3 f5 8.
Qd5 Qe7 9. Nxc7+ Kd8 10. Nxa8 b6 11. d3 Nd4 12. h4 Bb7 13. Bg5 Qxg5 14. Qxb7
Nxb7 15. hxg5 Nc5 16. Kd2 Ndxb3+ 17. axb3 {Black resigns} 1-0

[Event "GambitGuide"]
[Site "Internet Chess Club"]
[Date "2014.10.31"]
[Round "1"]
[White "JSBach"]
[Black "GFranco"]
[Result "1-0"]
[ICCResult "Black resigns"]
[WhiteElo "1659"]
[BlackElo "1604"]
[Opening "Vienna: `Frankenstein-Dracula' variation"]
[ECO "C27"]
[NIC "VG.02"]
[Time "10:52:06"]
[TimeControl "120+12"]

1. e4 e5 2. Nc3 Nf6 3. Bc4 Nxe4 4. Qh5 Nd6 5. Bb3 Nc6 6. Nb5 g6 7. Qf3 f5 8.
Qd5 Qe7 9. Nxc7+ Kd8 10. Nxa8 b6 11. d3 Bb7 12. Nxb6 Nd4 13. Bg5 Qxg5 14.
Qxe5 Nxb3 15. axb3 Qxg2 16. Qxh8 Qxh1 17. Qxf8+ Ne8 18. Rxa7 Qxg1+ 19. Ke2
Qg4+ 20. Kd2 Qf4+ 21. Ke1 Qe5+ 22. Kf1 Bc6 23. Ra1 Qxh2 24. Ra7 Qh1+ 25. Ke2
Qf3+ 26. Ke1 Qh1+ 27. Kd2 Qf1 28. Qc5 Qg2 29. Qd4 Qg5+ 30. Kc3 f4 31. Rxd7+
{Black resigns}
1-0

[Event "GambitGuide"]
[Site "Internet Chess Club"]
[Date "2014.10.31"]
[Round "1"]
[White "JSBach"]
[Black "billysunday1"]
[Result "1-0"]
[ICCResult "Black resigns"]
[WhiteElo "1659"]
[BlackElo "1461"]
[Opening "Vienna: `Frankenstein-Dracula' variation"]
[ECO "C27"]
[NIC "VG.02"]
[Time "10:53:14"]
[TimeControl "120+12"]

1. e4 e5 2. Nc3 Nf6 3. Bc4 Nxe4 4. Qh5 Nd6 5. Bb3 Nc6 6. Nb5 g6 7. Qf3 f5 8.
Qd5 Qe7 9. Nxc7+ Kd8 10. Nxa8 b6 11. d3 Bb7 12. Nxb6 axb6 13. Qf3 Kc7 14.
Bd2 Nd4 15. Qg3 e4 16. Bg5 Qe8 17. Be3 Nxb3 18. axb3 exd3 19. cxd3 Bh6 20.
Rc1+ Bc6 21. Ne2 Bxe3 22. fxe3 Qe7 23. O-O Re8 24. Nf4 Qxe3+ 25. Qxe3 Rxe3
26. Nd5+ {Black resigns} 1-0

[Event "GambitGuide"]
[Site "Internet Chess Club"]
[Date "2014.10.31"]
[Round "1"]
[White "JSBach"]
[Black "ChuahHM"]
[Result "0-1"]
[ICCResult "White checkmated"]
[WhiteElo "1659"]
[BlackElo "1607"]
[Opening "Vienna: `Frankenstein-Dracula' variation"]
[ECO "C27"]
[NIC "VG.02"]
[Time "10:54:19"]
[TimeControl "120+12"]

1. e4 e5 2. Nc3 Nf6 3. Bc4 Nxe4 4. Qh5 Nd6 5. Bb3 Nc6 6. Nb5 g6 7. Qf3 f5 8.
Qd5 Qe7 9. Nxc7+ Kd8 10. Nxa8 b6 11. d3 Bb7 12. Nxb6 axb6 13. Qf3 Nd4 14.
Qg3 f4 15. Qg4 h5 16. Qxg6 Rh6 17. Qg8 Qf6 18. Ne2 Nxe2 19. Kxe2 Rh8 20.
Qxh8 Qxh8 21. f3 Nf5 22. Ke1 d5 23. Bd2 Bc5 24. Rc1 Ne3 25. Bxe3 Bxe3 26.
Rd1 Qg7 27. Kf1 h4 28. a4 Ke7 29. Ra1 e4 30. Rb1 h3 31. gxh3 exf3 32. Ke1
Qg2 33. Rf1 Qd2# {White checkmated} 0-1

[Event "GambitGuide"]
[Site "Internet Chess Club"]
[Date "2014.10.31"]
[Round "1"]
[White "JSBach"]
[Black "AtaliaA1"]
[Result "1-0"]
[ICCResult "Black resigns"]
[WhiteElo "1659"]
[BlackElo "1432"]
[Opening "Vienna: `Frankenstein-Dracula' variation"]
[ECO "C27"]
[NIC "VG.02"]
[Time "10:52:56"]
[TimeControl "120+12"]

1. e4 e5 2. Nc3 Nf6 3. Bc4 Nxe4 4. Qh5 Nd6 5. Bb3 Nc6 6. Nb5 g6 7. Qf3 f5 8.
Qd5 Qe7 9. Nxc7+ Kd8 10. Nxa8 b6 11. d3 Bg7 12. Ba4 Nd4 13. f4 Bb7 14. Bc6
Bxc6 15. Nxb6 Bxd5 16. Nxd5 Qe6 17. Nb4 exf4+ 18. Kd1 Re8 19. Bd2 Bh6 20.
Kc1 Ne2+ 21. Nxe2 Qxe2 22. g3 f3 23. Bxh6 f2 24. b3 Qe1+ 25. Kb2 Qe5+ 26. c3
Qe2+ 27. Nc2 Qxd3 28. Rad1 Qa6 29. Be3 Nb5 30. Bxf2 Re2 31. Bc5 d6 32. c4
Nc7 33. Rxd6+ Qxd6 34. Bxd6 Ne6 35. Re1 Rxh2 36. Rxe6 Rg2 37. a3 h5 38. Rxg6
h4 39. Rg7 hxg3 40. Bxg3 f4 41. Bh4+ Kc8 42. Rxg2 f3 43. Rg3 {Black resigns}
1-0

[Event "GambitGuide"]
[Site "Internet Chess Club"]
[Date "2014.10.31"]
[Round "1"]
[White "JSBach"]
[Black "nsideurheadbro"]
[Result "1-0"]
[ICCResult "Black resigns"]
[WhiteElo "1659"]
[BlackElo "1184"]
[Opening "Vienna: `Frankenstein-Dracula' variation"]
[ECO "C27"]
[NIC "VG.02"]
[Time "10:53:26"]
[TimeControl "120+12"]

1. e4 e5 2. Nc3 Nf6 3. Bc4 Nxe4 4. Qh5 Nd6 5. Bb3 Nc6 6. Nb5 g6 7. Qf3 f5 8.
Qd5 Qe7 9. Nxc7+ Kd8 10. Nxa8 b6 11. d3 Bb7 12. Nxb6 Nd4 13. Bg5 Qxg5 14.
Qxe5 Nf7 15. Qxd4 axb6 16. Bxf7 Qxg2 17. Qxh8 Qxh1 18. Qxf8+ Kc7 19. Ke2 f4
20. Qh6 f3+ 21. Ke3 {Black resigns} 1-0

[Event "GambitGuide"]
[Site "Internet Chess Club"]
[Date "2014.10.31"]
[Round "1"]
[White "JSBach"]
[Black "FlameOak4464"]
[Result "1-0"]
[ICCResult "Black resigns"]
[WhiteElo "1659"]
[BlackElo "1854"]
[Opening "Vienna: `Frankenstein-Dracula' variation"]
[ECO "C27"]
[NIC "VG.02"]
[Time "10:52:32"]
[TimeControl "120+12"]

1. e4 e5 2. Nc3 Nf6 3. Bc4 Nxe4 4. Qh5 Nd6 5. Bb3 Nc6 6. Nb5 g6 7. Qf3 f5 8.
Qd5 Qe7 9. Nxc7+ Kd8 10. Nxa8 b6 11. d3 Bb7 12. Nxb6 axb6 13. Qf3 Nd4 14.
Qg3 f4 15. Qg4 h5 16. Qxg6 Rh6 17. Qg8 Qf6 18. Nf3 Rg6 19. Qh7 Nxf3+ 20.
gxf3 Bxf3 21. Rf1 Rh6 22. Qg8 Rg6 23. Qh7 Rg7 24. Qh8 Qe7 25. Bd2 Rh7 26.
Qg8 Rg7 27. Qh8 Ke8 28. Bg8 Qg5 29. Bb3 Qg6 30. Bc3 Qf6 31. Bb4 e4 32. Bc3
{Black resigns}
1-0

[Event "GambitGuide"]
[Site "Internet Chess Club"]
[Date "2014.10.31"]
[Round "1"]
[White "JSBach"]
[Black "leader1774"]
[Result "1-0"]
[ICCResult "Black resigns"]
[WhiteElo "1645"]
[BlackElo "1569"]
[Opening "Vienna: `Frankenstein-Dracula' variation"]
[ECO "C27"]
[NIC "VG.02"]
[Time "10:55:12"]
[TimeControl "120+12"]

1. e4 e5 2. Nc3 Nf6 3. Bc4 Nxe4 4. Qh5 Nd6 5. Bb3 Nc6 6. Nb5 g6 7. Qf3 f5 8.
Qd5 Qe7 9. Nxc7+ Kd8 10. Nxa8 b6 11. d3 Nd4 12. f4 Bg7 13. fxe5 Bxe5 14. Kd1
Re8 15. Nf3 Nxf3 16. Qxf3 Bb7 17. Bd5 {Black resigns} 1-0

[Event "GambitGuide"]
[Site "Internet Chess Club"]
[Date "2014.10.31"]
[Round "1"]
[White "JSBach"]
[Black "FatMaHa"]
[Result "1-0"]
[ICCResult "Black resigns"]
[WhiteElo "1645"]
[BlackElo "1833"]
[Opening "Vienna: `Frankenstein-Dracula' variation"]
[ECO "C27"]
[NIC "VG.02"]
[Time "10:56:50"]
[TimeControl "120+12"]

1. e4 e5 2. Nc3 Nf6 3. Bc4 Nxe4 4. Qh5 Nd6 5. Bb3 Nc6 6. Nb5 g6 7. Qf3 f5 8.
Qd5 Qe7 9. Nxc7+ Kd8 10. Nxa8 b6 11. d3 Qe6 12. Qxe6 dxe6 13. f3 Nd4 14.
Bg5+ Be7 15. Bxe7+ Kxe7 16. Kd2 Nxb3+ 17. axb3 a5 18. Nxb6 Ba6 19. Rxa5
{Black resigns}
1-0

[Event "GambitGuide"]
[Site "Internet Chess Club"]
[Date "2014.10.31"]
[Round "1"]
[White "JSBach"]
[Black "GFranco"]
[Result "1-0"]
[ICCResult "Black resigns"]
[WhiteElo "1645"]
[BlackElo "1604"]
[Opening "Vienna: `Frankenstein-Dracula' variation"]
[ECO "C27"]
[NIC "VG.02"]
[Time "10:55:39"]
[TimeControl "120+12"]

1. e4 e5 2. Nc3 Nf6 3. Bc4 Nxe4 4. Qh5 Nd6 5. Bb3 Nc6 6. Nb5 g6 7. Qf3 f5 8.
Qd5 Qe7 9. Nxc7+ Kd8 10. Nxa8 b6 11. d3 Bb7 12. Nxb6 Nd4 13. Bg5 Qxg5 14.
Qxe5 Nxb3 15. axb3 Qxg2 16. Qxh8 Qxh1 17. Qxf8+ Ne8 18. Rxa7 Qxg1+ 19. Ke2
Qg4+ 20. Kd2 Qf4+ 21. Ke1 Bc6 22. Qc5 g5 23. Ra1 g4 24. Kf1 Nd6 25. Re1 Qf3
26. Qxd6 Qh3+ 27. Ke2 Qf3+ 28. Kd2 {Black resigns} 1-0

[Event "GambitGuide"]
[Site "Internet Chess Club"]
[Date "2014.10.31"]
[Round "1"]
[White "JSBach"]
[Black "FatMaHa"]
[Result "1-0"]
[ICCResult "Black resigns"]
[WhiteElo "1645"]
[BlackElo "1833"]
[Opening "Vienna: `Frankenstein-Dracula' variation"]
[ECO "C27"]
[NIC "VG.02"]
[Time "10:57:17"]
[TimeControl "120+12"]

1. e4 e5 2. Nc3 Nf6 3. Bc4 Nxe4 4. Qh5 Nd6 5. Bb3 Nc6 6. Nb5 g6 7. Qf3 f5 8.
Qd5 Qe7 9. Nxc7+ Kd8 10. Nxa8 b6 11. d3 Bg7 12. Nh3 h6 13. Ba4 Bb7 14. Nxb6
axb6 15. Qb3 b5 16. Be3 bxa4 17. Qxa4 Ke8 18. a3 Kf7 19. Qb3+ Qe6 20. Qxe6+
Kxe6 21. c3 Rc8 22. Rd1 Rb8 23. d4 e4 24. d5+ Ke7 25. dxc6 Bxc6 26. Bf4
{Black resigns}
1-0

[Event "GambitGuide"]
[Site "Internet Chess Club"]
[Date "2014.10.31"]
[Round "1"]
[White "JSBach"]
[Black "dutchking"]
[Result "1-0"]
[ICCResult "Black resigns"]
[WhiteElo "1645"]
[BlackElo "1370"]
[Opening "Vienna: `Frankenstein-Dracula' variation"]
[ECO "C27"]
[NIC "VG.02"]
[Time "10:57:31"]
[TimeControl "120+12"]

1. e4 e5 2. Nc3 Nf6 3. Bc4 Nxe4 4. Qh5 Nd6 5. Bb3 Nc6 6. Nb5 g6 7. Qf3 f5 8.
Qd5 Qe7 9. Nxc7+ Kd8 10. Nxa8 b6 11. d3 Bb7 12. Nxb6 axb6 13. Qf3 Nd4 14.
Qg3 h6 15. Qxg6 Nxb3 16. axb3 {Black resigns} 1-0

[Event "GambitGuide"]
[Site "Internet Chess Club"]
[Date "2014.10.31"]
[Round "1"]
[White "JSBach"]
[Black "FatMaHa"]
[Result "1-0"]
[ICCResult "Black resigns"]
[WhiteElo "1645"]
[BlackElo "1833"]
[Opening "Vienna: `Frankenstein-Dracula' variation"]
[ECO "C27"]
[NIC "VG.02"]
[Time "10:58:12"]
[TimeControl "120+12"]

1. e4 e5 2. Nc3 Nf6 3. Bc4 Nxe4 4. Qh5 Nd6 5. Bb3 Nc6 6. Nb5 g6 7. Qf3 f5 8.
Qd5 Qe7 9. Nxc7+ Kd8 10. Nxa8 b6 11. d3 Bg7 12. Nh3 Bb7 13. Bg5 Bf6 14. Nxb6
axb6 15. Bxf6 Qxf6 16. Qf3 e4 17. Qe3 Kc7 18. c3 exd3 19. Qxd3 Re8+ 20. Kf1
Ne5 21. Qd4 Ng4 22. Qxf6 Nxf6 23. Rc1 Nde4 24. Rd1 h6 25. Bf7 {Black
resigns} 1-0

[Event "GambitGuide"]
[Site "Internet Chess Club"]
[Date "2014.10.31"]
[Round "1"]
[White "JSBach"]
[Black "Fianchettoed"]
[Result "1-0"]
[ICCResult "Black resigns"]
[WhiteElo "1645"]
[BlackElo "1457"]
[Opening "Vienna: `Frankenstein-Dracula' variation"]
[ECO "C27"]
[NIC "VG.02"]
[Time "10:58:12"]
[TimeControl "120+12"]

1. e4 e5 2. Nc3 Nf6 3. Bc4 Nxe4 4. Qh5 Nd6 5. Bb3 Nc6 6. Nb5 g6 7. Qf3 f5 8.
Qd5 Qe7 9. Nxc7+ Kd8 10. Nxa8 b6 11. d3 Bb7 12. Nxb6 axb6 13. Qf3 Nd4 14.
Qg3 Bg7 15. Bg5 Bf6 16. Bxf6 Qxf6 17. Ba4 e4 18. dxe4 Bxe4 19. c3 Re8 20.
O-O-O b5 21. Rxd4 bxa4 22. Rxd6 {Black resigns} 1-0

[Event "GambitGuide"]
[Site "Internet Chess Club"]
[Date "2014.10.31"]
[Round "1"]
[White "JSBach"]
[Black "nsideurheadbro"]
[Result "1-0"]
[ICCResult "Black resigns"]
[WhiteElo "1645"]
[BlackElo "1184"]
[Opening "Vienna: `Frankenstein-Dracula' variation"]
[ECO "C27"]
[NIC "VG.02"]
[Time "10:56:28"]
[TimeControl "120+12"]

1. e4 e5 2. Nc3 Nf6 3. Bc4 Nxe4 4. Qh5 Nd6 5. Bb3 Nc6 6. Nb5 g6 7. Qf3 f5 8.
Qd5 Qe7 9. Nxc7+ Kd8 10. Nxa8 b6 11. d3 Bb7 12. Nxb6 axb6 13. Qf3 h6 14. Qg3
f4 15. Qxg6 e4 16. Bxf4 exd3+ 17. Kd1 dxc2+ 18. Bxc2 Nd4 19. Rc1 Nxc2 20.
Qxc2 Bxg2 21. Qc3 Bg7 22. Qc7+ Ke8 23. Bxd6 Qf6 24. Rc2 Rf8 25. Re2+ Kf7 26.
Bxf8 Bxf8 27. Qxd7+ Be7 28. Rxe7+ Qxe7 29. Qd4 Bxh1 30. Qxb6 Qd7+ 31. Ke1
Bg2 32. Qxh6 Qd3 33. Qf4+ Ke7 34. Qg5+ Kd7 35. Qg7+ Kc6 36. Qxg2+ Kc5 37.
Qg5+ Kd4 38. Qd8+ Ke4 39. Qxd3+ Kxd3 40. a4 {Black resigns} 1-0

[Event "GambitGuide"]
[Site "Internet Chess Club"]
[Date "2014.10.31"]
[Round "1"]
[White "JSBach"]
[Black "billysunday1"]
[Result "1-0"]
[ICCResult "Black resigns"]
[WhiteElo "1645"]
[BlackElo "1461"]
[Opening "Vienna: `Frankenstein-Dracula' variation"]
[ECO "C27"]
[NIC "VG.02"]
[Time "10:56:26"]
[TimeControl "120+12"]

1. e4 e5 2. Nc3 Nf6 3. Bc4 Nxe4 4. Qh5 Nd6 5. Bb3 Nc6 6. Nb5 g6 7. Qf3 f5 8.
Qd5 Qe7 9. Nxc7+ Kd8 10. Nxa8 b6 11. d3 Bb7 12. Nxb6 axb6 13. Qf3 e4 14.
dxe4 Nxe4 15. Be3 Qb4+ 16. c3 Nxc3 17. Bg5+ Be7 18. bxc3 Qd6 19. Bf4 Qc5 20.
Bf7 Bf6 21. Ne2 Rf8 22. Bb3 Re8 23. O-O Na5 24. Qd3 Nxb3 25. axb3 Qc6 26. f3
Be5 27. Rfd1 Bxf4 28. Nxf4 Re7 29. Qd4 Kc8 30. Nd5 Re6 31. Qh8+ {Black
resigns} 1-0

[Event "GambitGuide"]
[Site "Internet Chess Club"]
[Date "2014.10.31"]
[Round "1"]
[White "JSBach"]
[Black "FatMaHa"]
[Result "1-0"]
[ICCResult "Black resigns"]
[WhiteElo "1645"]
[BlackElo "1833"]
[Opening "Vienna: `Frankenstein-Dracula' variation"]
[ECO "C27"]
[NIC "VG.02"]
[Time "10:59:30"]
[TimeControl "120+12"]

1. e4 e5 2. Nc3 Nf6 3. Bc4 Nxe4 4. Qh5 Nd6 5. Bb3 Nc6 6. Nb5 g6 7. Qf3 f5 8.
Qd5 Qe7 9. Nxc7+ Kd8 10. Nxa8 b6 11. d3 e4 12. dxe4 Qxe4+ 13. Qxe4 fxe4 14.
Bg5+ Be7 15. Bxe7+ Nxe7 16. O-O-O Nb7 17. c4 d6 18. Ne2 Bg4 19. Rhe1 Kd7 20.
Ba4+ Kc8 21. Rd4 Nc5 22. Nc3 Nf5 23. Rdxe4 Nxe4 24. Rxe4 Kb7 25. Nxb6 axb6
26. Rxg4 {Black resigns} 1-0

[Event "GambitGuide"]
[Site "Internet Chess Club"]
[Date "2014.10.31"]
[Round "1"]
[White "JSBach"]
[Black "dutchking"]
[Result "1-0"]
[ICCResult "Black checkmated"]
[WhiteElo "1645"]
[BlackElo "1370"]
[Opening "Vienna: `Frankenstein-Dracula' variation"]
[ECO "C27"]
[NIC "VG.02"]
[Time "10:58:26"]
[TimeControl "120+12"]

1. e4 e5 2. Nc3 Nf6 3. Bc4 Nxe4 4. Qh5 Nd6 5. Bb3 Nc6 6. Nb5 g6 7. Qf3 f5 8.
Qd5 Qe7 9. Nxc7+ Kd8 10. Nxa8 b6 11. d3 Bb7 12. Nxb6 axb6 13. Qf3 Nd4 14.
Qg3 Bg7 15. Bg5 Bf6 16. Bxf6 Qxf6 17. Ba4 Re8 18. c3 f4 19. Qg4 N4f5 20. Nf3
e4 21. Nd2 exd3+ 22. Kf1 Ne4 23. Qxf4 Nxd2+ 24. Qxd2 Ne3+ 25. Kg1 Nxg2 26.
Qxd3 Nf4 27. Qxd7# {Black checkmated} 1-0

[Event "GambitGuide"]
[Site "Internet Chess Club"]
[Date "2014.10.31"]
[Round "1"]
[White "JSBach"]
[Black "leader1774"]
[Result "1-0"]
[ICCResult "Black resigns"]
[WhiteElo "1645"]
[BlackElo "1569"]
[Opening "Vienna: `Frankenstein-Dracula' variation"]
[ECO "C27"]
[NIC "VG.02"]
[Time "10:57:29"]
[TimeControl "120+12"]

1. e4 e5 2. Nc3 Nf6 3. Bc4 Nxe4 4. Qh5 Nd6 5. Bb3 Nc6 6. Nb5 g6 7. Qf3 f5 8.
Qd5 Qe7 9. Nxc7+ Kd8 10. Nxa8 b6 11. d3 Nd4 12. f4 Bg7 13. fxe5 Bxe5 14. Kd1
Bb7 15. Bg5 Qxg5 16. Qxe5 Qg4+ 17. Kc1 Nxb3+ 18. axb3 Re8 19. Qf6+ Kc8 20.
Qc3+ Kb8 21. Nc7 Qf4+ 22. Kb1 Bxg2 23. Nxe8 Nxe8 24. Ne2 Bxh1 25. Nxf4
{Black resigns}
1-0

[Event "GambitGuide"]
[Site "Internet Chess Club"]
[Date "2014.10.31"]
[Round "1"]
[White "JSBach"]
[Black "MrGranlund"]
[Result "1-0"]
[ICCResult "Black checkmated"]
[WhiteElo "1645"]
[BlackElo "1256"]
[Opening "Vienna: `Frankenstein-Dracula' variation"]
[ECO "C27"]
[NIC "VG.02"]
[Time "10:59:54"]
[TimeControl "120+12"]

1. e4 e5 2. Nc3 Nf6 3. Bc4 Nxe4 4. Qh5 Nd6 5. Bb3 Nc6 6. Nb5 g6 7. Qf3 f5 8.
Qd5 Qe7 9. Nxc7+ Kd8 10. Nxa8 b6 11. d3 Bb7 12. Nxb6 axb6 13. Qf3 Kc7 14.
Be3 f4 15. Bd2 Nd4 16. Qg4 Qf6 17. Ba4 Bc6 18. Bb3 Nxb3 19. axb3 Nb5 20. Nf3
Bc5 21. b4 Bd4 22. c3 Bxf2+ 23. Kxf2 Bxf3 24. Qxf3 Qh4+ 25. g3 fxg3+ 26.
hxg3 Qe7 27. Bh6 g5 28. Qd5 Nd6 29. Ra7+ Kc8 30. Qa8# {Black checkmated} 1-0

[Event "GambitGuide"]
[Site "Internet Chess Club"]
[Date "2014.10.31"]
[Round "1"]
[White "JSBach"]
[Black "FatMaHa"]
[Result "1-0"]
[ICCResult "Black resigns"]
[WhiteElo "1645"]
[BlackElo "1833"]
[Opening "Vienna: `Frankenstein-Dracula' variation"]
[ECO "C27"]
[NIC "VG.02"]
[Time "11:00:30"]
[TimeControl "120+12"]

1. e4 e5 2. Nc3 Nf6 3. Bc4 Nxe4 4. Qh5 Nd6 5. Bb3 Nc6 6. Nb5 g6 7. Qf3 f5 8.
Qd5 Qe7 9. Nxc7+ Kd8 10. Nxa8 b6 11. d3 Bg7 12. Ba4 Bb7 13. Nxb6 axb6 14.
Qb3 Kc7 15. Nf3 e4 16. Bg5 Qe6 17. dxe4 Qxb3 18. axb3 Nxe4 19. Bc1 Re8 20.
O-O d5 21. Rd1 Ne5 22. Bxe8 {Black resigns} 1-0

[Event "GambitGuide"]
[Site "Internet Chess Club"]
[Date "2014.10.31"]
[Round "1"]
[White "JSBach"]
[Black "GFranco"]
[Result "1-0"]
[ICCResult "Black resigns"]
[WhiteElo "1645"]
[BlackElo "1604"]
[Opening "Vienna: `Frankenstein-Dracula' variation"]
[ECO "C27"]
[NIC "VG.02"]
[Time "10:58:05"]
[TimeControl "120+12"]

1. e4 e5 2. Nc3 Nf6 3. Bc4 Nxe4 4. Qh5 Nd6 5. Bb3 Nc6 6. Nb5 g6 7. Qf3 f5 8.
Qd5 Qe7 9. Nxc7+ Kd8 10. Nxa8 b6 11. d3 Bb7 12. Nxb6 Nd4 13. Bg5 Qxg5 14.
Qxe5 Nxb3 15. axb3 Qxg2 16. Qxh8 Qxh1 17. Qxf8+ Ne8 18. Rxa7 Qxg1+ 19. Ke2
Qg4+ 20. Kd2 Qf4+ 21. Ke1 Bc6 22. Ra1 g5 23. Qc5 g4 24. Kf1 h5 25. Re1 Nd6
26. Kg1 Qf3 27. Kf1 Qf4 28. Kg1 h4 29. b4 Qf3 30. Kf1 g3 31. hxg3 hxg3 32.
Qe3 gxf2 33. Qxf2 Qh1+ 34. Ke2 Qh5+ 35. Kd2 Qg5+ 36. Qe3 f4 37. Qd4 f3+ 38.
Kd1 f2 39. Qxf2 Nf5 40. Re5 Qg4+ 41. Kc1 Nd4 42. c3 Nb3+ 43. Kc2 {Black
resigns} 1-0

[Event "GambitGuide"]
[Site "Internet Chess Club"]
[Date "2014.10.31"]
[Round "1"]
[White "JSBach"]
[Black "GFranco"]
[Result "1-0"]
[ICCResult "Black resigns"]
[WhiteElo "1632"]
[BlackElo "1604"]
[Opening "Vienna: `Frankenstein-Dracula' variation"]
[ECO "C27"]
[NIC "VG.02"]
[Time "11:01:44"]
[TimeControl "120+12"]

1. e4 e5 2. Nc3 Nf6 3. Bc4 Nxe4 4. Qh5 Nd6 5. Bb3 Nc6 6. Nb5 g6 7. Qf3 f5 8.
Qd5 Qe7 9. Nxc7+ Kd8 10. Nxa8 b6 11. d3 Bb7 12. Nxb6 Nd4 13. Bg5 Qxg5 14.
Qxe5 Nxb3 15. axb3 Qxg2 16. Qxh8 Qxh1 17. Qxf8+ Ne8 18. Rxa7 Qxg1+ 19. Ke2
Qg4+ 20. Kd2 Qf4+ 21. Ke1 Bc6 22. Qc5 g5 23. Ra1 g4 24. Kf1 h5 25. Re1 h4
26. Nc4 g3 27. Qb6+ Qc7 28. Rxe8+ {Black resigns} 1-0

[Event "GambitGuide"]
[Site "Internet Chess Club"]
[Date "2014.10.31"]
[Round "1"]
[White "JSBach"]
[Black "nsideurheadbro"]
[Result "1-0"]
[ICCResult "Black resigns"]
[WhiteElo "1632"]
[BlackElo "1184"]
[Opening "Vienna: `Frankenstein-Dracula' variation"]
[ECO "C27"]
[NIC "VG.02"]
[Time "11:00:24"]
[TimeControl "120+12"]

1. e4 e5 2. Nc3 Nf6 3. Bc4 Nxe4 4. Qh5 Nd6 5. Bb3 Nc6 6. Nb5 g6 7. Qf3 f5 8.
Qd5 Qe7 9. Nxc7+ Kd8 10. Nxa8 b6 11. d3 Bb7 12. Nxb6 axb6 13. Qf3 f4 14. Qg4
Bh6 15. Bd2 Nd4 16. Bb4 Rf8 17. Ba4 b5 18. Bb3 e4 19. Bxd6 Qxd6 20. dxe4
Bxe4 21. Qh3 g5 22. O-O-O Qc6 23. Rxd4 Bxg2 24. Rxd7+ Qxd7 25. Qxh6 Bxh1 26.
Qxf8+ Kc7 27. Qc5+ Qc6 28. Qxg5 Be4 29. f3 Bxf3 30. Qxf4+ {Black resigns}
1-0